 Dungeon Crawl Stone Soup version 0.19.1 (webtiles) character file.

131 Aksej the Chopper (level 4, -7/33 HPs)
             Began as a Demonspawn Gladiator on Dec 19, 2016.
             Mangled by droidenko's ghost (13 damage)
             ... on level 3 of the Dungeon.
             The game lasted 00:07:26 (1691 turns).

Aksej the Chopper (Demonspawn Gladiator)            Turns: 1691, Time: 00:07:26

Health: -7/33      AC:  4    Str: 16    XL:     4   Next: 91%
Magic:  4/4        EV: 13    Int: 10    God:
Gold:   88         SH:  4    Dex: 13    Spells: 0 memorised, 3 levels left

rFire  . . .     SeeInvis .     a - +0 war axe
rCold  . . .     Gourm    .     b - +0 leather armour
rNeg   . . .     Faith    .     (no shield)
rPois  .         Spirit   .     c - +0 helmet
rElec  .         Reflect  .     (no cloak)
rCorr  .         Harm     .     (no gloves)
MR     .....                    (no boots)
Stlth  +.........               (no amulet)
                                (no ring)
                                (no ring)

@: no status effects
A: large bone plates 1, powered by death 1
a: no special abilities


You were on level 3 of the Dungeon.
You were not hungry.

You visited 1 branch of the dungeon, and saw 3 of its levels.

You collected 88 gold pieces.

Inventory:

Hand Weapons
 a - a +0 war axe (weapon)
Missiles
 d - 3 throwing nets (quivered)
Armour
 b - a +0 leather armour (worn)
 c - a +0 helmet (worn)
Jewellery
 h - a +4 ring of strength {unknown}
Potions
 e - 2 potions of curing
Comestibles
 f - 2 bread rations
 i - a meat ration
 j - a slice of pizza


   Skills:
 + Level 2.2 Fighting
 * Level 4.4 Axes
 + Level 1.9 Throwing
 + Level 0.6 Armour
 + Level 3.3 Dodging


You had 3 spell levels left.
You didn't know any spells.

Dungeon Overview and Level Annotations

Branches:
Dungeon (3/15)

Altars:
Xom

Annotations:
D:3 droidenko's ghost, amateur MiFi


Innate Abilities, Weirdness & Mutations

You are partially covered in large bone plates. (SH +4)
You regenerate a little health from kills.


Message History

Droidenko's ghost barely misses you.
You barely miss droidenko's ghost.
Droidenko's ghost is lightly damaged.
Droidenko's ghost completely misses you.
You hit droidenko's ghost but do no damage.
Droidenko's ghost is lightly damaged.
Droidenko's ghost hits you!
You barely miss droidenko's ghost.
Droidenko's ghost is lightly damaged.
Droidenko's ghost hits you. Droidenko's ghost hits you!
You completely miss droidenko's ghost.
Droidenko's ghost is lightly damaged.
You block droidenko's ghost's attack.
You hit droidenko's ghost but do no damage.
Droidenko's ghost is lightly damaged.
Droidenko's ghost hits you!
* * * LOW HITPOINT WARNING * * *
Droidenko's ghost misses you. Droidenko's ghost hits you!
You die...

############
#.@........#
###
#W########.#...
#.# #####.#.#
#.# #.......#
#.# #.##....#
#.# # #.#######
#.# #....#..
#.# #..#.#.#
#.# .....#.#.#
#


You could see droidenko's ghost.

Vanquished Creatures
  A crimson imp (D:3)
  2 adders (D:2)
  An ooze (D:2)
  A worm (D:2)
  3 dart slugs
  3 leopard geckos (D:1)
  9 bats
  3 giant cockroaches (D:1)
  7 goblins
  9 hobgoblins
  2 jackals (D:2)
  3 quokkas (D:2)
  2 frilled lizards (D:1)
  5 kobolds
  10 rats
61 creatures vanquished.

Notes
Turn   | Place    | Note
-------+----------+-------------------------------------------
     0 | D:1      | Aksej the Demonspawn Gladiator began the quest for the Orb.
     0 | D:1      | Reached XP level 1. HP: 16/16 MP: 1/1
    30 | D:1      | Gained mutation: You are partially covered in large bone plates. (SH +4) [demonic ancestry]
    30 | D:1      | Reached XP level 2. HP: 18/22 MP: 2/2
    47 | D:1      | Reached skill level 3 in Axes
   173 | D:1      | Gained mutation: You regenerate a little health from kills. [demonic ancestry]
   173 | D:1      | Reached XP level 3. HP: 21/27 MP: 3/3
   753 | D:2      | Reached XP level 4. HP: 23/33 MP: 4/4
   898 | D:2      | Found a shimmering altar of Xom.
   900 | D:2      | Found a shimmering altar of Xom.
   901 | D:2      | Found a shimmering altar of Xom.
   901 | D:2      | Found a shimmering altar of Xom.
   901 | D:2      | Found a shimmering altar of Xom.
  1087 | D:2      | Reached skill level 4 in Axes
  1673 | D:3      | Noticed droidenko's ghost (amateur MiFi)
  1691 | D:3      | Mangled by droidenko's ghost

Skill      XL: |  1  2  3  4 |
---------------+-------------+-----
Dodging        | 3 |  3.3
Axes           | 3 4 |  4.4
Fighting       | |  2.2
Throwing       | |  1.9
Armour         | |  0.6

Action                   |  1- 3 |  4- 6 || total
-------------------------+-------+-------++-------
Melee: War axe           |   105 |    99 ||   204
  Use: Scroll            |     1 |     2 ||     3
       Potion            |     1 |     1 ||     2
  Eat: Chunk             |       |     3 ||     3
Armor: Leather armour    |    26 |    21 ||    47
Dodge: Dodged            |   102 |    70 ||   172
Block: Other             |    18 |    18 ||    36
